 Dungeon Crawl Stone Soup version 0.29-a0-92-gee772dd00f (webtiles) character file.

Game seed: 2823116249137805621

11174 Aksej the Carver (level 11, -9/89 HPs)
             Began as a Demonspawn Monk on Jan 22, 2022.
             Was a High Priest of Qazlal.
             Mangled by a four-headed hydra (14 damage)
             ... on level 9 of the Dungeon on Feb 9, 2022.
             The game lasted 00:40:17 (11277 turns).

Aksej the Carver (Demonspawn Monk)                 Turns: 11277, Time: 00:40:17

Health: -9/89      AC:  4    Str: 11      XL:     11   Next: 45%
Magic:  15/15      EV: 22    Int: 11 (12) God:    Qazlal [*****.]
Gold:   126        SH:  0    Dex: 20      Spells: 13/15 levels left

rFire   . . .      SeeInvis .   a - +3 scimitar (protect)
rCold   . . .      Faith    .   (no shield)
rNeg    + . .      Spirit   .   (no armour)
rPois   .          Reflect  +   (no helmet)
rElec   .          Harm     .   e - +2 cloak
rCorr   .          Rampage  .   (no gloves)
Will    .....                   (boots unavailable)
Stlth   +.........              f - amulet of reflection
HPRegen 0.00/turn               h - +4 ring of evasion
MPRegen 0.14/turn               q - ring of positive energy

@: confused, inhibited regen, repel missiles
A: hooves 3, rugged brown scales 1, demonic guardian 3, ignite blood 2,
deterioration 1, inhibited regeneration
a: Renounce Religion, Upheaval, Elemental Force, Disaster Area


You were on level 9 of the Dungeon.
You worshipped Qazlal.
Qazlal was extremely pleased with you.
You visited 2 branches of the dungeon, and saw 10 of its levels.

You collected 526 gold pieces.
You spent 400 gold pieces at shops.

Inventory:

Hand Weapons
 a - a +3 scimitar of protection (weapon)
 b - a +1 war axe of flaming
Missiles
 r - 2 boomerangs (quivered)
 s - 4 throwing nets
Armour
 e - a +2 cloak (worn)
 E - a +0 troll leather armour
Jewellery
 f - an amulet of reflection (around neck)
 h - a +4 ring of evasion (left hand)
 k - a ring of flight
 m - an amulet of the acrobat
 q - a ring of positive energy (right hand)
 t - a +4 ring of evasion
 C - a ring of wizardry
Wands
 g - a wand of mindburst (19)
 i - a wand of iceblast (14)
 w - a wand of paralysis (11)
 x - a wand of charming (2)
 y - a wand of flame (11)
Scrolls
 o - 5 scrolls of teleportation
 D - 4 scrolls of identify
Potions
 c - 3 potions of magic
 d - a potion of ambrosia
 j - 3 potions of haste
 l - 7 potions of curing
 n - a potion of attraction
 z - 2 potions of lignification
 A - a potion of flight
 B - a potion of cancellation


   Skills:
 * Level 8.9 Fighting
 + Level 9.7 Long Blades
 + Level 1.7 Throwing
 + Level 2.4 Armour
 * Level 8.8 Dodging
 + Level 3.4 Stealth
 + Level 5.4 Shields
 + Level 2.6 Spellcasting
 + Level 3.0 Conjurations


You had 13 spell levels left.
You knew the following spells:

 Your Spells              Type           Power      Damage    Failure   Level
a - Magic Dart            Conj           32%        1d4       8%          1
b - Sting                 Tmut/Pois      4%         1d3       28%         1

Your spell library contained the following spells:

 Spells                   Type           Power      Damage    Failure   Level
 Call Imp                 Summ           1%         N/A       38%         2
 Corpse Rot               Necr/Air       2%         N/A       38%         2
 Poisonous Vapours        Pois/Air       2%         N/A       38%         2
 Sublimation of Blood     Necr           1%         N/A       38%         2
 Wereblood                Tmut           1%         N/A       38%         2
 Mephitic Cloud           Conj/Pois/Air  3%         N/A       47%         3
 Portal Projectile        Hex/Tloc       2%         N/A       63%         3
 Airstrike                Air            0%         N/A       95%         4
 Olgreb's Toxic Radiance  Pois           1%         N/A       95%         4
 Summon Lightning Spire   Summ/Air       1%         N/A       95%         4
 Lightning Bolt           Conj/Air       2%         1d13      99%         5
 Blade Hands              Tmut           0%         N/A       100%        5
 Excruciating Wounds      Necr           0%         N/A       100%        5
 Dispersal                Tloc           0%         N/A       100%        6
 Summon Hydra             Summ           0%         N/A       100%        7
 Disjunction              Tloc           0%         N/A       100%        8


Dungeon Overview and Level Annotations

Branches:
Dungeon (9/15)             Temple (1/1) D:5
   Lair: D:8-11         Orc: D:9-12

Altars:
Ashenzari
Cheibriados
Dithmenos
Elyvilon
Fedhas
Hepliaklqana
Kikubaaqudgha
Makhleb
Nemelex Xobeh
Qazlal
Uskayaw
Vehumet
Wu Jian
Yredelemnul
Zin

Shops:
D:8 ?!


Innate Abilities, Weirdness & Mutations

You have hooves in place of feet.
You are partially covered in rugged brown scales. (AC +1, +3% HP)
A powerful demonic guardian rushes to your aid.
Your demonic aura often causes spilled blood to erupt in flames.
Your body sometimes deteriorates upon taking damage.
You do not regenerate when monsters are visible.


Message History

You slash the killer bee!
Your weapon exudes an aura of protection.
Your kick misses the killer bee.
The killer bee is almost dead.
The killer bee misses you. The yak completely misses you.
You block the killer bee's attack.
You hit the killer bee.
You kill the killer bee!
Qazlal accepts your kill. The yak misses you.
You barely miss the howler monkey zombie.
You kick the howler monkey zombie.
The howler monkey zombie is moderately damaged.
Your surroundings suddenly seem different.
An orc wizard comes into view. It is wielding a +0 dagger.
The orc wizard shouts!
You hear a roar!
You hear a shout! x2
An orc comes into view. It is wielding a +0 hand axe.
You hear a roar!
You hear a shout!
A four-headed hydra comes into view.
An orc wizard and an orc come into view.
You hear a horrible gurgling sound!
The orc wizard points at you and mumbles some strange words.
You are confused.
The orc is engulfed in blazing flames.
You kill the orc!
Qazlal accepts your kill.
A red ugly thing comes into view.
An orc comes into view.
It is wielding a +1 flail of protection and quivering silver boomerangs.
The orc shouts!
The four-headed hydra is engulfed in blazing flames.
The orc moves out of view.
You bump into the metal wall.
An acid dragon comes into view.
The four-headed hydra is engulfed in blazing flames.
The four-headed hydra misses you.
The four-headed hydra completely misses you.
The four-headed hydra bites you!
* * * LOW HITPOINT WARNING * * *
A demonic guardian appears!
The four-headed hydra bites you!
You die...

.Z#. ##T#########'
#### ..#
..Y).Q.#..... ...#
...
##'###o#.#.#.#.#.#
... .#.#
o.#..#.#.#..#o..
.#.# #.#
#.....#.#.# .+)+
#.'..#...#..o.#
.#.# .# #....○#u#
.#.# .#..#.#.#D@#
##+# .#.#.#.#○#o#
#........3#
#####D##### ...
..#. ....#. ### #.


You could see a four-headed hydra, a red ugly thing, an acid dragon, 2 orc
wizards, an orc and a friendly sun demon (summoned, wandering).

Vanquished Creatures
  A fire dragon (D:9)
  Harold (D:7)
  2 two-headed ogres
  A centaur warrior (D:9)
  Pikel (D:6)
  A manticore (D:9)
  Maggie (D:7)
  A troll (D:9)
  Prince Ribbit (D:7)
  Sigmund (D:2)
  5 yaks (D:9)
  3 wraiths (D:9)
  A steam dragon (D:6)
  A vampire mosquito (D:9)
  A water moccasin (D:7)
  Duvessa (D:5)
  2 ice beasts (D:6)
  3 orc warriors
  4 black bears
  2 ogres (D:7)
  2 phantoms (D:6)
  A centaur (D:6)
  4 lemures (D:6)
  2 kobold brigands (D:9)
  2 bullfrogs (D:8)
  2 gnoll sergeants
  2 scorpions
  A water moccasin zombie (D:5)
  Dowan (D:5)
  12 killer bees
  2 vampire bats (D:3)
  8 wights
  4 howler monkeys
  A lava snake (D:8)
  3 bullfrog zombies
  5 centaur zombies
  4 hounds
  A centaur skeleton (D:4)
  4 orc priests
  3 gnoll shamans
  Crazy Yiuf (D:5)
  A bullfrog skeleton (D:4)
  2 iguanas
  3 iron imps (D:6)
  5 orc wizards
  A scorpion zombie (D:5)
  A hound skeleton (D:4)
  6 adders
  20 gnolls
  A shadow imp (D:7)
  4 white imps
  An ufetubus (D:6)
  6 worms
  A dart slug (D:4)
  21 orcs
  4 bats
  3 bat skeletons (D:3)
  2 bat zombies (D:3)
  10 endoplasms
  3 giant cockroaches
  7 goblins
  8 hobgoblins
  7 jackals
  2 quokkas
  5 ball pythons
  2 frilled lizards
  12 kobolds
  7 rats
  A bush (D:2)
245 creatures vanquished.

Vanquished Creatures (collateral kills)
  A troll (D:9)
  Menkaure (D:7)
  2 orcs (D:4)
4 creatures vanquished.

Vanquished Creatures (others)
  6 plants (D:2)
6 creatures vanquished.

Grand Total: 255 creatures vanquished

Notes
Turn   | Place    | Note
-------+----------+-------------------------------------------
     0 | D:1      | Aksej the Demonspawn Monk began the quest for the Orb.
     0 | D:1      | Reached XP level 1. HP: 18/18 MP: 1/1
   264 | D:1      | Gained mutation: Your demonic aura sometimes causes spilled
                  | blood to erupt in flames. [demonic ancestry]
   264 | D:1      | Reached XP level 2. HP: 24/24 MP: 2/2
  1441 | D:2      | Gained mutation: You are partially covered in rugged brown
                  | scales. (AC +1, +3% HP) [demonic ancestry]
  1441 | D:2      | Reached XP level 3. HP: 24/30 MP: 3/3
  1520 | D:2      | Found a faded altar of an unknown god.
  1530 | D:2      | Found a broken altar of Ashenzari.
  1599 | D:2      | Reached skill level 3 in Long Blades
  2171 | D:2      | Noticed Sigmund
  2179 | D:2      | Killed Sigmund
  2180 | D:2      | Gained mutation: You have large cloven feet. [demonic
                  | ancestry]
  2180 | D:2      | Reached XP level 4. HP: 16/39 MP: 4/4
  2180 | D:2      | Gained mutation: Your demonic aura often causes spilled
                  | blood to erupt in flames. [demonic ancestry]
  2180 | D:2      | Reached XP level 5. HP: 18/44 MP: 5/5
  2414 | D:2      | Reached skill level 4 in Long Blades
  3393 | D:3      | Learned a level 1 spell: Magic Dart
  3423 | D:3      | Reached XP level 6. HP: 45/50 MP: 4/6
  3486 | D:3      | Found a hazy altar of Hepliaklqana.
  3649 | D:3      | Found a shadowy altar of Dithmenos.
  3676 | D:3      | Reached skill level 1 in Shields
  3747 | D:3      | Found a stormy altar of Qazlal.
  3756 | D:3      | Became a worshipper of Qazlal Stormbringer
  3756 | D:3      | Reached * piety under Qazlal
  3756 | D:3      | Reached ** piety under Qazlal
  3829 | D:3      | Gained mutation: Your spells are a little easier to cast,
                  | but a little less powerful. [potion of mutation]
  3829 | D:3      | Gained mutation: Your spells are easier to cast, but less
                  | powerful. [potion of mutation]
  3829 | D:3      | Gained mutation: You are dopey. (Int -2) [potion of
                  | mutation]
  3829 | D:3      | Gained mutation: You have a pair of small antennae on your
                  | head. [potion of mutation]
  3933 | D:3      | Found an ancient bone altar of Kikubaaqudgha.
  4431 | D:4      | Gained mutation: A weak demonic guardian rushes to your
                  | aid. [demonic ancestry]
  4431 | D:4      | Reached XP level 7. HP: 23/56 MP: 5/7
  4448 | D:4      | HP: 1/56 [gnoll (10)]
  4462 | D:4      | Found a hide-covered altar of Uskayaw.
  5270 | D:4      | Identified a scroll of acquirement
  5270 | D:4      | Acquired a +2 scimitar of protection
  5296 | D:4      | Reached *** piety under Qazlal
  5297 | D:4      | Reached skill level 5 in Dodging
  5299 | D:4      | Reached skill level 5 in Long Blades
  5442 | D:4      | Noticed a +0 short sword
  5442 | D:4      | Noticed a +0 spear
  5443 | D:4      | Noticed a +0 spear
  5443 | D:4      | Noticed a +0 falchion
  5443 | D:4      | Noticed a +0 dagger
  5444 | D:4      | Noticed a +0 short sword
  5445 | D:4      | Noticed a +0 falchion
  5445 | D:4      | Noticed a +0 dagger
  5650 | D:5      | Entered Level 5 of the Dungeon
  5652 | D:5      | Found a staircase to the Ecumenical Temple.
  5656 | D:5      | Noticed Duvessa
  5657 | D:5      | Reached skill level 5 in Fighting
  5658 | D:5      | Noticed Dowan
  5671 | D:5      | Gained mutation: A demonic guardian rushes to your aid.
                  | [demonic ancestry]
  5671 | D:5      | Reached XP level 8. HP: 42/63 MP: 6/9
  6091 | D:5      | Reached skill level 1 in Conjurations
  6291 | D:5      | Killed Duvessa
  6302 | D:5      | Killed Dowan
  6303 | D:5      | Reached skill level 6 in Long Blades
  6303 | D:5      | Reached skill level 1 in Spellcasting
  6576 | D:5      | Found a runed translucent door.
  6577 | D:5      | Noticed Crazy Yiuf
  6732 | D:5      | Killed Crazy Yiuf
  6754 | Temple   | Entered the Ecumenical Temple
  7238 | D:6      | Gained mutation: A powerful demonic guardian rushes to your
                  | aid. [demonic ancestry]
  7238 | D:6      | Reached XP level 9. HP: 70/71 MP: 6/11
  7481 | D:6      | Reached **** piety under Qazlal
  7524 | D:6      | Noticed Pikel
  7526 | D:6      | Reached skill level 7 in Long Blades
  7543 | D:6      | Found a burning altar of Makhleb.
  7839 | D:6      | Killed Pikel
  7858 | D:7      | Noticed Menkaure
  7865 | D:7      | Killed Menkaure
  8069 | D:7      | Noticed Harold
  8074 | D:7      | Noticed Maggie
  8083 | D:7      | Killed Harold
  8084 | D:7      | Reached skill level 8 in Long Blades
  8084 | D:7      | Gained mutation: You have hoof-like feet. [demonic
                  | ancestry]
  8084 | D:7      | Reached XP level 10. HP: 48/81 MP: 11/13
  8084 | D:7      | Killed Maggie
  8463 | D:7      | Noticed Prince Ribbit
  8483 | D:7      | Killed Prince Ribbit
  9561 | D:8      | Found Hozos's Distillery.
  9599 | D:8      | Bought a potion of mutation for 128 gold pieces
  9599 | D:8      | Bought a potion of curing for 48 gold pieces
  9599 | D:8      | Bought a potion of curing for 48 gold pieces
  9599 | D:8      | Bought a potion of curing for 48 gold pieces
  9599 | D:8      | Bought a potion of mutation for 128 gold pieces
  9599 | D:8      | Lost mutation: You are dopey. (Int -2) [potion of mutation]
  9599 | D:8      | Lost mutation: Your spells are easier to cast, but less
                  | powerful. [potion of mutation]
  9599 | D:8      | Gained mutation: You are robust. (+10% HP) [potion of
                  | mutation]
  9599 | D:8      | Gained mutation: You are somewhat resistant to further
                  | mutation. [potion of mutation]
  9600 | D:8      | Lost mutation: Your spells are a little easier to cast, but
                  | a little less powerful. [potion of mutation]
  9600 | D:8      | Lost mutation: You are somewhat resistant to further
                  | mutation. [potion of mutation]
  9600 | D:8      | Lost mutation: You have a pair of small antennae on your
                  | head. [potion of mutation]
  9600 | D:8      | Gained mutation: You do not regenerate when monsters are
                  | visible. [potion of mutation]
  9600 | D:8      | Gained mutation: You have hidden genetic defects. [potion
                  | of mutation]
  9650 | D:8      | Found Iwiprev's Magic Scroll Emporium.
  9674 | D:8      | Reached skill level 1 in Armour
  9812 | D:8      | Noticed a two-headed ogre
  9817 | D:8      | Killed a two-headed ogre
 10176 | D:8      | Learned a level 1 spell: Sting
 10512 | D:9      | Upgraded the game from 0.28-a0-1616-g050a50673c to
                  | 0.29-a0-41-g89e12c0570
 10551 | D:9      | Gained mutation: Your body sometimes deteriorates upon
                  | taking damage. [hidden defects]
 10557 | D:9      | Noticed a tengu warrior
 10560 | D:9      | Reached skill level 9 in Long Blades
 10980 | D:9      | Gained mutation: You have hooves in place of feet. [demonic
                  | ancestry]
 10980 | D:9      | Reached XP level 11. HP: 98/98 MP: 15/15
 10994 | D:9      | Reached skill level 5 in Shields
 11003 | D:9      | Reached ***** piety under Qazlal
 11007 | D:9      | Noticed a two-headed ogre
 11013 | D:9      | Killed a two-headed ogre
 11026 | D:9      | Lost mutation: You are robust. (+10% HP) [hidden defects]
 11026 | D:9      | Lost mutation: You have hidden genetic defects. [hidden
                  | defects expressed]
 11120 | D:9      | Reached skill level 1 in Throwing
 11123 | D:9      | Upgraded the game from 0.29-a0-41-g89e12c0570 to
                  | 0.29-a0-92-gee772dd00f
 11143 | D:9      | Noticed a centaur warrior
 11150 | D:9      | Killed a centaur warrior
 11243 | D:9      | Noticed a fire dragon
 11256 | D:9      | Killed a fire dragon
 11272 | D:9      | Noticed a four-headed hydra
 11276 | D:9      | Noticed a red ugly thing
 11277 | D:9      | Mangled by a four-headed hydra

Illustrated notes

Levels and vault maps discovered:
D:1:      dpeg_arrival_oval, layout_basic
D:2:      layout_loops_ring, basic_altar, ebering_ecumenical_altar_petrified,
          serial_forest, infiniplex_forest_lined_room_3,
          infiniplex_forest_fountain, infiniplex_forest_straight_2,
          infiniplex_forest_clump_curved, infiniplex_forest_lined_3,
          infiniplex_forest_clump_small, infiniplex_forest_straight_2,
          infiniplex_forest_corner_1, st_stairs_13, chequers_decorated_corner,
          columned_hall_lemuel, minmay_misc_feat_columns, uniq_sigmund
D:3:      layout_basic, nicolae_hepliaklqana_hippocampus,
          kennysheep_vampire_church, nicolae_dithmenos_shadow_blocks,
          nicolae_qazlal_eye_of_the_storm, kennysheep_path_1
D:4:      layout_basic, nicolae_uskayaw_en_pointe, minmay_diced_spiral
D:5:      layout_basic, temple_fountains, grunt_decor_mini_mirrors,
          roderic_roman_lattice, nicolae_zen_rock_garden, grunt_decor_junction,
          uniq_crazy_yiuf_cottage, uniq_duvessa
D:6:      layout_basic, demons_altar, uniq_pikel
D:7:      layout_basic, grunt_ogre_cave, uniq_maggie, uniq_harold,
          uniq_menkaure, uniq_prince_ribbit1
D:8:      layout_basic, serial_shops, shop, nicolae_take_the_stairs,
          nrook_mini_vaults, st_stairs_7, grunt_decor_clamped,
          kennysheep_generic_room_5
D:9:      minmay_the_grid_3x2 [minmay_the_grid_doors, minmay_the_grid_expand,
          minmay_the_grid_medium_cups, minmay_the_grid_gridbox,
          minmay_the_grid_holed_spiral, minmay_the_grid_prize_four_corners],
          layout_stronghold, trog_ov_bears_minmay, minmay_lair_entry_lava,
          enter_bailey_2
Temple:   kb_temple_of_zot

Skill      XL: |  1  2  3  4  5  6  7  8  9 10 11 |
---------------+----------------------------------+-----
Stealth        | 2 3 |  3.4
Long Blades    | 3 4 5 6 8 9 |  9.7
Dodging        | 3 4 5 6 7 8 |  8.8
Fighting       | 4 5 7 8 |  8.9
Shields        | 1 2 3 4 5 |  5.4
Conjurations   | 2 3 |  3.0
Spellcasting   | 1 2 |  2.6
Armour         | 2 |  2.4
Throwing       | 1 |  1.7

Action                   |  1- 3 |  4- 6 |  7- 9 | 10-12 || total
-------------------------+-------+-------+-------+-------++-------
Melee: Falchion          |    12 |       |       |       ||    12
       Long sword        |   114 |   189 |    39 |       ||   342
       Punch             |     2 |     5 |     3 |     9 ||    19
       Kick              |       |    81 |    21 |    30 ||   132
       Scimitar          |       |       |   237 |   226 ||   463
Throw: Boomerang         |       |       |       |    34 ||    34
 Cast: Magic Dart        |       |     5 |    77 |    30 ||   112
Evoke: Wand              |     1 |     1 |       |     1 ||     3
  Use: Scroll            |     3 |     6 |     5 |    10 ||    24
       Potion            |     1 |     1 |       |     3 ||     5
 Stab: Sleeping          |     5 |     8 |       |       ||    13
       Distracted        |       |     1 |     1 |       ||     2
Armor: Robe              |    25 |    19 |    65 |       ||   109
       Acid dragon scale |       |       |       |    31 ||    31
       Skin              |       |       |       |     7 ||     7
Dodge: Dodged            |    67 |    88 |   200 |   178 ||   533
       Repelled          |       |       |       |     4 ||     4
Block: Other             |    20 |    40 |   131 |   138 ||   329
       Reflection        |       |       |     4 |     8 ||    12

Table legend: (Time is in decaauts)
 A = Elapsed time spent in this place.
 B = Non-inter-level travel time spent in this place.
 C = Inter-level travel time spent in this place.
 D = Time resting spent in this place.
 E = Time spent auto-exploring this place.
 F = Levels seen in this place.
 G = Mean time per level.
                   A        B        C        D        E       F      G
               +--------+--------+--------+--------+--------+-----+--------+
         Total |  11379 |  11140 |    239 |     97 |   9027 |  10 | 1137.9 |
       Dungeon |  11270 |  11046 |    224 |     97 |   8940 |   9 | 1252.2 |
        Temple |    108 |     93 |     15 |      0 |     87 |   1 |  108.0 |
               +--------+--------+--------+--------+--------+-----+--------+

Top non-repeatable levels by time:
     D:2: 1866 daAuts
     D:4: 1560 daAuts
     D:8: 1502 daAuts
     D:1: 1425 daAuts
     D:7: 1149 daAuts
     D:3: 1014 daAuts
     D:5: 989 daAuts
     D:6: 985 daAuts
     D:9: 775 daAuts
  Temple: 108 daAuts
